 Dungeon Crawl Stone Soup version 0.17-a0-1596-g1e86911 (webtiles) character file.

4034 urechis the Cruncher (level 10, -13/65 HPs)
             Began as a Tengu Gladiator on July 31, 2015.
             Was a Believer of Trog.
             Mangled by a cyclops (29 damage)
             ... on level 8 of the Dungeon.
             The game lasted 00:19:53 (7051 turns).

urechis the Cruncher (Tengu Gladiator)              Turns: 7051, Time: 00:19:53

Health: -13/65     AC:  7    Str: 15    XL:     10   Next: 24%
Magic:  8/11       EV: 16    Int:  8    God:    Trog [**....]
Gold:   467        SH:  0    Dex: 19    Spells: 0 memorised, 9 levels left

rFire  . . .     SeeInvis .     b - +4 quarterstaff (chaos)
rCold  . . .     Clarity  .     i - +3 leather armour
rNeg   . . .     SustAt   .     (no shield)
rPois  +         Gourm    .     c - +0 hat
rElec  .         Spirit   .     H - +0 cloak
rCorr  .         Warding  .     (no gloves)
rMut   .         Stasis   .     (boots unavailable)
MR     .....                    C - amulet of regeneration
Stlth  +.........               (no ring)
                                G - ring of poison resistance

@: flying quickly and evasively, quick, not resistant to hostile enchantments,
very unstealthy
A: beak, talons 3, able to fly 1
a: Burn Spellbooks, Berserk, Trog's Hand, Renounce Religion


You were on level 8 of the Dungeon.
You worshipped Trog.
Trog was pleased with you.
You were not hungry.

You visited 1 branch of the dungeon, and saw 8 of its levels.

You collected 467 gold pieces.

Inventory:

Hand weapons
 b - a +4 quarterstaff of chaos (weapon)
Missiles
 d - 3 throwing nets (quivered)
Armour
 c - a +0 hat (worn)
 i - a +3 leather armour (worn)
 H - a +0 cloak (worn)
Jewellery
 B - an uncursed ring of sustain attributes {unknown}
 C - an amulet of regeneration (around neck)
 G - a ring of poison resistance (left hand)
Magical devices
 x - a wand of flame (30)
 I - a wand of fire (7)
Scrolls
 a - a scroll of recharging {unknown}
 f - 2 scrolls of enchant weapon {unknown}
 g - 4 scrolls of teleportation {unknown}
 h - 7 scrolls of identify {unknown}
 j - 6 scrolls of fog {unknown}
 n - a scroll of blinking {unknown}
 p - 2 scrolls of noise {unknown}
 u - a scroll of magic mapping {unknown}
 w - 2 scrolls of random uselessness {unknown}
 y - 4 scrolls of remove curse {unknown}
 J - a scroll of acquirement {unknown}
Potions
 k - a potion of magic {unknown}
 l - 5 potions of curing
 m - a potion of flight
 q - a potion of might
 r - a potion of brilliance {unknown}
 t - 2 potions of berserk rage {unknown}
 v - a potion of cancellation {unknown}
 z - a potion of haste {unknown}
 A - a potion of experience {unknown}
 D - a potion of cure mutation {unknown}
 L - a potion of degeneration {unknown}
Comestibles
 e - 3 bread rations
 o - 2 beef jerkies
 s - 2 meat rations


   Skills:
 + Level 8.6 Fighting
 * Level 12.9 Staves
 - Level 2.1 Throwing
 - Level 3.2 Dodging


You had 9 spell levels left.
You didn't know any spells.

Dungeon Overview and Level Annotations

Branches:
Dungeon (8/15)             Temple (0/1) D:6
   Lair: D:8-11

Altars:
Ashenzari
Cheibriados
Dithmenos
Elyvilon
Gozag
Kikubaaqudgha
Qazlal
Trog
Xom
Zin

Shops:
D:4 *   D:5 [


Innate Abilities, Weirdness & Mutations

You have a beak for a mouth.
You have claws for feet.
You can fly.


Message History

Trog accepts your kill.
The cyclops throws a large rock.
The large rock hits you!! The kobold hits you but does no damage.
You see here a short sword.
The kobold throws a stone.
The stone completely misses you.
Things that are here:
a large rock; a stone Use which ability? (? or * to list)
You swoop lightly up into the air.
You feel very comfortable in the air.
You feel somewhat more hungry. The cyclops hits you!!
* * * LOW HITPOINT WARNING * * *
Drink which item? (? for menu, Esc to quit)
It was a potion of flight.
You feel more buoyant.
You hear a distant slurping noise.
Use which ability? (? or * to list) You're too hungry to go berserk.
Eat which item? (? for menu, Esc to quit)
The cyclops hits you!!
You die...

##.# #..#........#
##....
#..###.#.........#
####.....
#.##...#.........#
#.....#..
#†#.............<#
###....##..
##.......#........#
#......#..#
#..#....##........#
#.#...##)##
#.##...###..(.....#
#.#.####)## #.##.###
#........# #.#.# #..#
#.#..#
#####@######...###.##
#...## #C#
#>...####<.# #.###
#KK##.##.# #..## #.#
##KK###### #### ###
..# ..# ... ....
##...


You could see a cyclops and 4 kobolds.

Vanquished Creatures
  Pikel (D:6)
  Grinder (D:6)
  Eustachio (D:6)
  A hungry ghost (D:7)
  A steam dragon (D:8)
  Duvessa (D:6)
  An orc warrior (D:8)
  A slave (D:6)
  A sky beast (D:6)
  An ice beast (D:6)
  2 phantoms
  A centaur (D:7)
  3 ogres
  A big kobold (D:8)
  Blork the orc (D:5)
  A scorpion (D:8)
  4 giant frogs
  8 killer bees (D:8)
  5 crimson imps
  3 vampire bats (D:2)
  4 hounds
  10 orc wizards
  A gnoll shaman (D:5)
  Crazy Yiuf (D:6)
  Ijyb (D:2)
  A giant frog skeleton (D:8)
  2 iguanas
  4 worker ants
  A killer bee zombie (D:7)
  10 gnolls
  4 adders
  A shadow imp (D:5)
  2 adder skeletons (D:8)
  3 worms
  3 giant geckos
  23 orcs
  2 ball pythons
  7 bats
  3 bat skeletons (D:2)
  A bat zombie (D:2)
  6 giant cockroaches
  5 hobgoblins
  14 jackals
  6 kobolds
  7 quokkas
  6 giant newts
  17 goblins
  A quokka skeleton (D:5)
  A quokka zombie (D:5)
  10 rats
196 creatures vanquished.

Vanquished Creatures (others)
  Dowan (D:6)
  A shadow imp (D:6)
2 creatures vanquished.

Grand Total: 198 creatures vanquished

Notes
Turn   | Place    | Note
--------------------------------------------------------------
     0 | D:1      | urechis the Tengu Gladiator began the quest for the Orb.
     0 | D:1      | Reached XP level 1. HP: 12/12 MP: 2/2
   137 | D:1      | Reached XP level 2. HP: 4/18 MP: 3/3
   829 | D:2      | Reached XP level 3. HP: 20/22 MP: 4/4
   830 | D:2      | Reached skill level 4 in Staves
   840 | D:2      | Found an ancient bone altar of Kikubaaqudgha.
   840 | D:2      | Noticed a vampire bat
   843 | D:2      | Noticed a vampire bat
   843 | D:2      | Noticed a vampire bat
   854 | D:2      | Killed a vampire bat
   854 | D:2      | Reached XP level 4. HP: 24/28 MP: 5/5
   855 | D:2      | Killed a vampire bat
   855 | D:2      | Reached skill level 5 in Staves
   857 | D:2      | Killed a vampire bat
   857 | D:2      | Gained mutation: You can fly. [Tengu growth]
   857 | D:2      | Reached XP level 5. HP: 27/32 MP: 6/6
  1220 | D:2      | Noticed Ijyb
  1229 | D:2      | Killed Ijyb
  1736 | D:3      | Reached skill level 6 in Staves
  1736 | D:3      | Reached XP level 6. HP: 38/38 MP: 3/7
  1853 | D:3      | Found a stormy altar of Qazlal.
  1892 | D:3      | Found a shimmering altar of Xom.
  2507 | D:4      | Reached skill level 7 in Staves
  2659 | D:4      | Reached XP level 7. HP: 37/44 MP: 8/8
  2674 | D:4      | Found a shattered altar of Ashenzari.
  2938 | D:4      | Found Waom's Assorted Antiques.
  3391 | D:5      | Entered Level 5 of the Dungeon
  3391 | D:5      | Noticed Blork the orc
  3402 | D:5      | Killed Blork the orc
  3402 | D:5      | Reached skill level 5 in Fighting
  3402 | D:5      | Reached skill level 8 in Staves
  4117 | D:5      | Found a snail-covered altar of Cheibriados.
  4267 | D:5      | Reached XP level 8. HP: 47/50 MP: 9/9
  4308 | D:5      | Found a glowing silver altar of Zin.
  4481 | D:5      | Found Quwogima's Antique Armour Shop.
  4650 | D:5      | Noticed a moth of wrath
  4653 | D:5      | Found a bloodstained altar of Trog.
  4678 | D:5      | Reached skill level 9 in Staves
  4684 | D:5      | Became a worshipper of Trog the Wrathful
  5016 | D:6      | Noticed Pikel
  5039 | D:6      | Killed Pikel
  5039 | D:6      | Reached skill level 10 in Staves
  5079 | D:6      | Found a staircase to the Ecumenical Temple.
  5141 | D:6      | Reached XP level 9. HP: 56/56 MP: 10/10
  5192 | D:6      | Noticed Eustachio
  5224 | D:6      | Killed Eustachio
  5225 | D:6      | Noticed Grinder
  5228 | D:6      | Noticed Duvessa
  5232 | D:6      | Paralysed by Grinder for 6 turns
  5241 | D:6      | Noticed Dowan
  5275 | D:6      | Killed Duvessa
  5467 | D:6      | Acquired Trog's first power
  5490 | D:6      | Killed Dowan
  5490 | D:6      | Reached skill level 11 in Staves
  5532 | D:6      | Found a bloodstained altar of Trog.
  5638 | D:6      | Killed Grinder
  5704 | D:6      | Noticed Crazy Yiuf
  5713 | D:6      | Killed Crazy Yiuf
  5965 | D:7      | Acquired Trog's second power
  6118 | D:7      | Found a white marble altar of Elyvilon.
  6203 | D:7      | Reached skill level 12 in Staves
  6253 | D:7      | Found a shadowy altar of Dithmenos.
  6516 | D:8      | Reached XP level 10. HP: 64/64 MP: 7/11
  6806 | D:8      | Noticed a cyclops
  6910 | D:8      | Found an opulent altar of Gozag.
  7051 | D:8      | Mangled by a cyclops

Vault maps used:
D:1:      lemuel_arrival_broad_hall
D:2:      kennysheep_the_goblin_king, kennysheep_vampire_church
D:3:      nicolae_qazlal_general_emergency, first_bread, led_xom_imps
D:4:      old_standard_altar, serial_shops, nicolae_shop_overgrown_old_shop
D:5:      old_standard_altar, old_standard_altar, tgw_trog, serial_shops,
          shop_fountains, uniq_blork_the_orc
D:6:      temple_green, trog_three_pillars_becter, uniq_crazy_yiuf_cottage,
          uniq_grinder, uniq_duvessa, uniq_eustachio, uniq_pikel
D:7:      elyvilon_altar_4, hex_tiny, grunt_dithmenos_smoke
D:8:      nicolae_overflow_hidden_temple, nicolae_tso_carved_into_rock

Action                   |  1- 3 |  4- 6 |  7- 9 | 10-12 || total
-------------------------+-------+-------+-------+-------++-------
Melee: Quarterstaff      |    71 |   156 |   386 |    76 ||   689
Invok: Burn Spellbooks   |       |       |     1 |     1 ||     2
 Abil: Fly               |       |     3 |    15 |     2 ||    20
  Use: Potion            |       |       |       |     1 ||     1
 Stab: Sleeping          |       |     2 |     4 |       ||     6
       Paralysed         |       |       |     4 |       ||     4
  Eat: Chunk             |       |     6 |    16 |     2 ||    24
       Royal jelly       |       |       |       |     1 ||     1
